TOP OF THE 1ST |
UCLA Bruins batting - Pitching for Duke Blue Devils : RHP Ryan Downer
|
Pitching: RHP Ryan Downer
|
|
Batting: RHB Kent Bannatyne
|
0-0: Fly out, F6 (Line Drive, 6)
|
Batting: LHB Tim Griffith
|
0-0: Fly out, F7 (Flyball, 78M)
|
Batting: RHB José Cisneros
|
0-0: Ball 1-0: Ball 2-0: Ball 3-0: Base on Balls
|
Batting: RHB Kevin Cochrane
|
0-0: Called Strike 0-1: Fly out, F9 (Flyball, 89D)
|
Top of the 1st over - 0 run(s), 0 hit(s), 0 error(s), 1 left on base; UCLA 0 - Duke 0 |
BOTTOM OF THE 1ST |
Duke Blue Devils batting - Pitching for UCLA Bruins : RHP Jason Lyon
|
Pitching: RHP Jason Lyon
|
|
Batting: RHB Matt Osborne
|
0-0: Ball 1-0: Ground out 4-3 (Groundball, 4)
|
Batting: LHB Dennis King
|
0-0: SINGLE (Groundball, 15S) (infield hit)
|
Batting: LHB Francisco Ríos
|
0-0: Called Strike 0-1: SINGLE (Groundball, 5D) Dennis King to second
|
Batting: RHB Peter Hernández
|
0-0: Ball 1-0: Ball 2-0: Swinging Strike 2-1: Foul Ball, location: 2F 2-2: Ball 3-2: Foul Ball, location: 2F 3-2: Foul Ball, location: 2F 3-2: Foul Ball, location: 2F 3-2: 3-RUN HOME RUN (Flyball, 8LXD), Distance : 391 ft
|
Batting: LHB Shawn Henderson
|
0-0: Ball 1-0: Ball 2-0: Called Strike 2-1: Foul Ball, location: 2F 2-2: Ball 3-2: Strikes out swinging
|
Batting: SHB Barry Holman
|
0-0: Reached on error, E3 (Groundball, 3L)
|
Batting: LHB Cade Brown
|
0-0: Ball 1-0: Foul Ball, location: 2F 1-1: Ball 2-1: Ball 3-1: Called Strike 3-2: Ground out 5-3 (Groundball, 5D)
|
Bottom of the 1st over - 3 run(s), 3 hit(s), 1 error(s), 1 left on base; UCLA 0 - Duke 3 |
TOP OF THE 2ND |
UCLA Bruins batting - Pitching for Duke Blue Devils : RHP Ryan Downer
|
Batting: RHB Joel Hebert
|
0-0: Foul Ball, location: 2F 0-1: Ball 1-1: Foul Ball, location: 2F 1-2: Foul Ball, location: 2F 1-2: Fly out, F2 (Popup, 25)
|
Batting: LHB Edward Norton
|
0-0: Ball 1-0: SOLO HOME RUN (Flyball, 9LD), Distance : 327 ft
|
Batting: RHB Larry Hernández
|
0-0: Ball 1-0: Called Strike 1-1: Ball 2-1: Swinging Strike 2-2: Foul Ball, location: 2F 2-2: Strikes out looking
|
Batting: RHB Chad Walter
|
0-0: Called Strike 0-1: Called Strike 0-2: Strikes out looking
|
Top of the 2nd over - 1 run(s), 1 hit(s), 0 error(s), 0 left on base; UCLA 1 - Duke 3 |
BOTTOM OF THE 2ND |
Duke Blue Devils batting - Pitching for UCLA Bruins : RHP Jason Lyon
|
Batting: RHB Danny Morrison
|
0-0: Called Strike 0-1: Ball 1-1: Called Strike 1-2: Strikes out swinging
|
Batting: LHB Kelsey Greer
|
0-0: Ball 1-0: Ball 2-0: Ball 3-0: Called Strike 3-1: Foul Ball, location: 2F 3-2: Strikes out swinging
|
Batting: RHB Matt Osborne
|
0-0: Called Strike 0-1: Called Strike 0-2: Ball 1-2: Ground out 5-3 (Groundball, 56)
|
Bottom of the 2nd over - 0 run(s), 0 hit(s), 0 error(s), 0 left on base; UCLA 1 - Duke 3 |
TOP OF THE 3RD |
UCLA Bruins batting - Pitching for Duke Blue Devils : RHP Ryan Downer
|
Batting: LHB Manny Kennedy
|
0-0: Called Strike 0-1: Foul Ball, location: 2F 0-2: Ball 1-2: Ball 2-2: Ball 3-2: Fly out, F9 (Flyball, 9S)
|
Batting: RHB Kent Bannatyne
|
0-0: Ball 1-0: Ball 2-0: Ground out 6-3 (Groundball, 6M)
|
Batting: LHB Tim Griffith
|
0-0: Called Strike 0-1: Called Strike 0-2: Strikes out swinging
|
Top of the 3rd over - 0 run(s), 0 hit(s), 0 error(s), 0 left on base; UCLA 1 - Duke 3 |
BOTTOM OF THE 3RD |
Duke Blue Devils batting - Pitching for UCLA Bruins : RHP Jason Lyon
|
Batting: LHB Dennis King
|
0-0: Called Strike 0-1: Ball 1-1: Ball 2-1: Ball 3-1: Foul Ball, location: 2F 3-2: Base on Balls
|
Batting: LHB Francisco Ríos
|
0-0: Ball 1-0: Foul Ball, location: 2F 1-1: Foul Ball, location: 2F 1-2: DOUBLE (Line Drive, 7LM) Dennis King to third
|
Batting: RHB Peter Hernández
|
0-0: Foul Ball, location: 2F 0-1: Ball 1-1: Swinging Strike 1-2: DOUBLE (Line Drive, 7LM) Dennis King scores Francisco Ríos scores
|
Batting: LHB Shawn Henderson
|
0-0: Ball 1-0: Ball 2-0: Ball 3-0: Base on Balls
|
Batting: SHB Barry Holman
|
0-0: Swinging Strike 0-1: Ball 1-1: SINGLE (Groundball, 34D) Peter Hernández to third Shawn Henderson to second
|
Batting: LHB Cade Brown
|
0-0: Called Strike 0-1: Foul Ball, location: 2F 0-2: Foul Ball, location: 2F 0-2: Strikes out looking
|
Batting: RHB Danny Morrison
|
0-0: Grounds into double play, 5-4-3 (Groundball, 5)
|
Bottom of the 3rd over - 2 run(s), 3 hit(s), 0 error(s), 2 left on base; UCLA 1 - Duke 5 |
TOP OF THE 4TH |
UCLA Bruins batting - Pitching for Duke Blue Devils : RHP Ryan Downer
|
Batting: RHB José Cisneros
|
0-0: Foul Ball, location: 2F 0-1: Ground out 4-3 (Groundball, 4)
|
Batting: RHB Kevin Cochrane
|
0-0: Foul Ball, location: 2F 0-1: Called Strike 0-2: Ground out 5-3 (Groundball, 5)
|
Batting: RHB Joel Hebert
|
0-0: Ball 1-0: Swinging Strike 1-1: Foul Ball, location: 2F 1-2: Strikes out swinging
|
Top of the 4th over - 0 run(s), 0 hit(s), 0 error(s), 0 left on base; UCLA 1 - Duke 5 |
BOTTOM OF THE 4TH |
Duke Blue Devils batting - Pitching for UCLA Bruins : RHP Jason Lyon
|
Batting: LHB Kelsey Greer
|
0-0: Foul Ball, location: 2F 0-1: Ball 1-1: Foul Ball, location: 2F 1-2: Ball 2-2: Foul Ball, location: 2F 2-2: Ball 3-2: Strikes out looking
|
Batting: RHB Matt Osborne
|
0-0: Ball 1-0: Foul Ball, location: 2F 1-1: Called Strike 1-2: Ball 2-2: Ball 3-2: Foul Ball, location: 2F 3-2: Foul Ball, location: 2F 3-2: Foul Ball, location: 2F 3-2: Base on Balls
|
Pitching: RHP Eugene Johnston
|
|
Batting: LHB Dennis King
|
0-0: Ball Matt Osborne steals 2nd base 1-0: SINGLE (Groundball, 6MD) Matt Osborne to third Runner from 3rd tries for Home, SAFE, throw made home
|
Batting: LHB Francisco Ríos
|
0-0: Foul Ball, location: 2F 0-1: DOUBLE (Line Drive, 89M) Dennis King to third
|
Batting: RHB Peter Hernández
|
0-0: Called Strike 0-1: Swinging Strike 0-2: Ball 1-2: Foul Ball, location: 2F 1-2: Ball 2-2: Ball 3-2: SINGLE (Groundball, 34D) Dennis King scores Francisco Ríos to third
|
Batting: LHB Shawn Henderson
|
0-0: Swinging Strike 0-1: Swinging Strike 0-2: Ball 1-2: Foul Ball, location: 2F 1-2: Ball 2-2: Ball 3-2: Base on Balls Peter Hernández to second
|
Batting: SHB Barry Holman
|
0-0: Ball 1-0: Called Strike 1-1: Ball 2-1: Swinging Strike 2-2: Strikes out swinging
|
Batting: LHB Cade Brown
|
0-0: Called Strike 0-1: Ball 1-1: Ball 2-1: Ball 3-1: Base on Balls Francisco Ríos scores Peter Hernández to third Shawn Henderson to second
|
Batting: RHB Danny Morrison
|
0-0: Ball 1-0: Foul Ball, location: 2F 1-1: Foul Ball, location: 2F 1-2: Ball 2-2: Ball 3-2: Foul Ball, location: 2F 3-2: SINGLE (Groundball, 6) (infield hit) Peter Hernández scores Shawn Henderson to third Cade Brown to second
|
Pitching: RHP Everett Stewart
|
|
Batting: LHB Kelsey Greer
|
0-0: Ball 1-0: Ball 2-0: Called Strike 2-1: Foul Ball, location: 2F 2-2: Ball 3-2: Ground out U3 (Groundball, 34)
|
Bottom of the 4th over - 4 run(s), 4 hit(s), 0 error(s), 3 left on base; UCLA 1 - Duke 9 |
TOP OF THE 5TH |
UCLA Bruins batting - Pitching for Duke Blue Devils : RHP Ryan Downer
|
Batting: LHB Edward Norton
|
0-0: Ball 1-0: Ball 2-0: Called Strike 2-1: Foul Ball, location: 2F 2-2: Strikes out swinging
|
Batting: RHB Larry Hernández
|
0-0: Ball 1-0: Called Strike 1-1: Foul Ball, location: 2F 1-2: Strikes out swinging
|
Batting: RHB Chad Walter
|
0-0: Ball 1-0: Foul Ball, location: 2F 1-1: Ball 2-1: Foul Ball, location: 2F 2-2: Strikes out swinging
|
Top of the 5th over - 0 run(s), 0 hit(s), 0 error(s), 0 left on base; UCLA 1 - Duke 9 |
BOTTOM OF THE 5TH |
Duke Blue Devils batting - Pitching for UCLA Bruins : RHP Everett Stewart
|
Batting: RHB Matt Osborne
|
0-0: Ball 1-0: Foul Ball, location: 2F 1-1: Fly out, F8 (Flyball, 8RD)
|
Batting: LHB Dennis King
|
0-0: Ball 1-0: Ball 2-0: Ball 3-0: Called Strike 3-1: Base on Balls
|
Batting: LHB Francisco Ríos
|
0-0: 2-RUN HOME RUN (Flyball, 9D), Distance : 367 ft
|
Batting: RHB Peter Hernández
|
0-0: Foul Ball, location: 2F 0-1: Swinging Strike 0-2: Ball 1-2: Ball 2-2: Ball 3-2: Strikes out swinging
|
Batting: LHB Shawn Henderson
|
0-0: Called Strike 0-1: Ground out 4-3 (Groundball, 4)
|
Bottom of the 5th over - 2 run(s), 1 hit(s), 0 error(s), 0 left on base; UCLA 1 - Duke 11 |
TOP OF THE 6TH |
UCLA Bruins batting - Pitching for Duke Blue Devils : RHP Ryan Downer
|
Batting: LHB Manny Kennedy
|
0-0: Called Strike 0-1: Swinging Strike 0-2: Ball 1-2: Strikes out swinging
|
Batting: RHB Kent Bannatyne
|
0-0: Ball 1-0: Called Strike 1-1: Called Strike 1-2: Ball 2-2: Strikes out swinging
|
Batting: LHB Tim Griffith
|
0-0: Ball 1-0: Ball 2-0: Ball 3-0: Called Strike 3-1: Base on Balls
|
Batting: RHB José Cisneros
|
0-0: Ball 1-0: Ball 2-0: Ball 3-0: Base on Balls Tim Griffith to second
|
Batting: RHB Kevin Cochrane
|
0-0: Swinging Strike 0-1: Ball 1-1: Foul Ball, location: 2F 1-2: Reached on error, E5 (Groundball, 5) Tim Griffith to third José Cisneros to second
|
Pitching: RHP Jonas Davis
|
|
Batting: RHB Joel Hebert
|
0-0: Fly out, F8 (Flyball, 8LM)
|
Top of the 6th over - 0 run(s), 0 hit(s), 1 error(s), 3 left on base; UCLA 1 - Duke 11 |
BOTTOM OF THE 6TH |
Duke Blue Devils batting - Pitching for UCLA Bruins : RHP Everett Stewart
|
Batting: SHB Barry Holman
|
0-0: Ball 1-0: Ball 2-0: Ball 3-0: Called Strike 3-1: Base on Balls
|
Batting: LHB Cade Brown
|
0-0: Called Strike 0-1: Ball Wild Pitch! Barry Holman to second 1-1: SINGLE (Groundball, 4MD) Barry Holman to third
|
Batting: RHB Danny Morrison
|
0-0: Foul Ball, location: 2F 0-1: Swinging Strike 0-2: Strikes out looking
|
Batting: LHB Kelsey Greer
|
0-0: Swinging Strike 0-1: Called Strike 0-2: Ball 1-2: Strikes out swinging
|
Batting: RHB Matt Osborne
|
0-0: Ball 1-0: Ball 2-0: Called Strike 2-1: Swinging Strike 2-2: Foul Ball, location: 2F 2-2: Strikes out swinging
|
Bottom of the 6th over - 0 run(s), 1 hit(s), 0 error(s), 2 left on base; UCLA 1 - Duke 11 |
TOP OF THE 7TH |
UCLA Bruins batting - Pitching for Duke Blue Devils : RHP Jonas Davis
|
Batting: LHB Edward Norton
|
0-0: Fly out, F8 (Flyball, 78M)
|
Batting: RHB Larry Hernández
|
0-0: Ball 1-0: Foul Ball, location: 2F 1-1: SINGLE (Line Drive, 56D)
|
Batting: RHB Chad Walter
|
0-0: Ball 1-0: Ball 2-0: Fly out, F8 (Flyball, 8LM)
|
Batting: LHB Manny Kennedy
|
0-0: Ball 1-0: Ball 2-0: Called Strike 2-1: Fly out, F9 (Line Drive, 9LM)
|
Top of the 7th over - 0 run(s), 1 hit(s), 0 error(s), 1 left on base; UCLA 1 - Duke 11 |
BOTTOM OF THE 7TH |
Duke Blue Devils batting - Pitching for UCLA Bruins : RHP Everett Stewart
|
Batting: LHB Dennis King
|
0-0: Ground out 6-3 (Groundball, 6S)
|
Batting: LHB Francisco Ríos
|
0-0: Ball 1-0: Fly out, F9 (Flyball, 9S)
|
Batting: RHB Peter Hernández
|
0-0: Called Strike 0-1: Ball 1-1: Ball 2-1: Ball 3-1: Base on Balls
|
Pinch Hitting: SHB Luis Romero
|
0-0: Called Strike 0-1: SINGLE (Groundball, 34D) Peter Hernández to second Runner from 2nd tries for 3rd, SAFE, throw made to third
|
Batting: SHB Barry Holman
|
0-0: Fly out, F4 (Popup, 34D)
|
Bottom of the 7th over - 0 run(s), 1 hit(s), 0 error(s), 2 left on base; UCLA 1 - Duke 11 |
TOP OF THE 8TH |
UCLA Bruins batting - Pitching for Duke Blue Devils : RHP Jonas Davis
|
Now at 1B: Luis Romero
|
|
Now at 2B: Tomás Sánchez
|
|
Batting: RHB Kent Bannatyne
|
0-0: Called Strike 0-1: Foul Ball, location: 2F 0-2: Ball 1-2: Ball 2-2: Strikes out swinging
|
Batting: LHB Tim Griffith
|
0-0: Foul Ball, location: 2F 0-1: Swinging Strike 0-2: Foul Ball, location: 2F 0-2: Foul Ball, location: 2F 0-2: Fly out, F2 (Popup, 2R)
|
Batting: RHB José Cisneros
|
0-0: Called Strike 0-1: Foul Ball, location: 2F 0-2: Ball 1-2: Strikes out swinging
|
Top of the 8th over - 0 run(s), 0 hit(s), 0 error(s), 0 left on base; UCLA 1 - Duke 11 |
BOTTOM OF THE 8TH |
Duke Blue Devils batting - Pitching for UCLA Bruins : RHP Everett Stewart
|
Batting: LHB Cade Brown
|
0-0: Ball 1-0: DOUBLE (Line Drive, 7)
|
Pitching: RHP Pat Rodríguez
|
|
Batting: RHB Danny Morrison
|
0-0: Called Strike 0-1: Ground out 6-3 (Groundball, 6)
|
Batting: LHB Kelsey Greer
|
0-0: Called Strike 0-1: Fly out, F8 (Flyball, 89M)
|
Batting: RHB Matt Osborne
|
0-0: Called Strike 0-1: Swinging Strike 0-2: Ball 1-2: Strikes out swinging
|
Bottom of the 8th over - 0 run(s), 1 hit(s), 0 error(s), 1 left on base; UCLA 1 - Duke 11 |
TOP OF THE 9TH |
UCLA Bruins batting - Pitching for Duke Blue Devils : RHP Jonas Davis
|
Batting: RHB Kevin Cochrane
|
0-0: Ball 1-0: SINGLE (Flyball, 8LS)
|
Batting: RHB Joel Hebert
|
0-0: Called Strike 0-1: Foul Ball, location: 2F 0-2: Ball 1-2: Ball 2-2: Grounds into double play, 6-4-3 (Groundball, 6)
|
Batting: LHB Edward Norton
|
0-0: Ball 1-0: Ball 2-0: SINGLE (Groundball, 34D)
|
Batting: RHB Larry Hernández
|
0-0: Ball 1-0: 2-RUN HOME RUN (Flyball, 78XD), Distance : 382 ft
|
Batting: RHB Chad Walter
|
0-0: Fly out, F8 (Flyball, 8RM)
|
Top of the 9th over - 2 run(s), 3 hit(s), 0 error(s), 0 left on base; UCLA 3 - Duke 11 |
|